 Dungeon Crawl Stone Soup version 0.29-a0-824-gd827844252 (webtiles) character file.

Game seed: 3897343463351101496

2375 Spectrina the Thaumaturge (level 9, -4/57 HPs)
             Began as a Djinni Arcane Marksman on July 10, 2022.
             Was an Elder of Dithmenos.
             Slain by an ice beast (12 damage)
             ... on level 6 of the Dungeon on July 11, 2022.
             The game lasted 00:44:55 (4128 turns).

Spectrina the Thaumaturge (Djinni Arcane Marksman)  Turns: 4128, Time: 00:44:55

Health: -4/57      AC:  5    Str:  9    XL:     9   Next: 73%
Gold:   254        EV: 12    Int: 19    God:    Dithmenos [****..] SH:  0 Dex: 14

rFire   + + +      SeeInvis .   a - +0 sling
rCold   . . .      Faith    .   (no shield)
rNeg    . . .      Spirit   .   v - +0 steam dragon scales
rPois   ∞          Reflect  .   (no helmet)
rElec   .          Harm     .   p - scarf {rC+ rF+}
rCorr   .          Rampage  .   (no gloves)
Will    .....                   (boots unavailable)
Stlth   ++++......              (no amulet)
HPRegen 0.19/turn               (no ring)
MPRegen 0.00/turn               (no ring)

@: flying, wreathed by umbra
A: sickness immunity, fire resistance 2, cold vulnerability 1, float, innate
caster, HP casting, extra vitality 1
a: Renounce Religion, Shadow Step


You were on level 6 of the Dungeon.
You worshipped Dithmenos.
Dithmenos was greatly pleased with you.
You visited 1 branch of the dungeon, and saw 8 of its levels.
You also visited: Sewer.

You collected 254 gold pieces.

Inventory:

Hand Weapons
 a - a +0 sling (weapon)
 b - a +0 dagger of venom
 e - a +2 antimagic dagger
 y - a +0 short sword
 A - a +2 short sword of draining
 C - a +1 vorpal broad axe
Missiles
 h - 2 throwing nets
 s - 22 poisoned darts
 t - a curare-tipped dart
Armour
 c - a +0 robe
 p - a scarf of resistance (worn)
 v - +0 steam dragon scales (worn)
 x - a +1 robe of resistance
Magical Staves
 D - a staff of cold
Scrolls
 d - 3 scrolls of vulnerability
 g - a scroll of brand weapon {unknown}
 i - 3 scrolls of teleportation
 j - 2 scrolls of magic mapping {unknown}
 k - 2 scrolls of silence
 m - a scroll of fear {unknown}
 n - a scroll of poison {unknown}
 o - 2 scrolls of noise {unknown}
 q - a scroll of immolation {unknown}
 r - a scroll of enchant weapon {unknown}
 u - 2 scrolls of enchant armour {unknown}
 z - 2 scrolls of blinking {unknown}
 B - a scroll of summoning {unknown}
Potions
 f - 2 potions of lignification
 l - a potion of attraction
 w - a potion of mutation {unknown}
 E - a potion of heal wounds


   Skills:
 - Level 1.0 Fighting
 - Level 1.5 Ranged Weapons
 - Level 2.1 Dodging
 + Level 4.7 Stealth
 * Level 9.0 Spellcasting


You had 7 spell levels left.
You knew the following spells:

 Your Spells              Type           Power      Damage    Failure   Level
a - Sandblast             Erth           84%        2d18      1%          1
b - Blink                 Tloc           84%        N/A       1%          2
c - Passwall              Tmut/Erth      35%        N/A       1%          2
d - Call Canine Familiar  Summ           42%        N/A       1%          3
i - Inner Flame           Hex/Fire       42%        N/A       1%          3
m - Cause Fear            Hex            21%        N/A       1%          4
p - Slow                  Hex            100%       N/A       1%          1
y - Portal Projectile     Hex/Tloc       84%        N/A       1%          3
Your spell library was empty.

Dungeon Overview and Level Annotations

Branches:
Dungeon (8/15)             Temple (0/1) D:6            Lair (0/6) D:8
  Sewer (visited)

Altars:
Ashenzari
Dithmenos
Xom
Zin


Innate Abilities, Weirdness & Mutations

You are immune to sickness and miasma.
You are immune to poison.
Your flesh is very heat resistant. (rF++)
You are vulnerable to cold. (rC-)
You float through the air rather than walking.
You learn spells naturally, not from books.
Your magical power is your life essence.
You have superior vitality. (+4 MHP)


Message History

You hear a shout!
Casting: Sandblast (safe; 1% risk of failure)
Confirm with . or Enter, or press ? or * to list all spells.
Aiming: Inner Flame (safe; 1% risk of failure)
Press: ? - help, Dir - move target, f - ice beast, p - orc
Aim: an ice beast (umbra, chance to affect: 90%)
Okay, then.
Casting: Inner Flame (safe; 1% risk of failure)
Confirm with . or Enter, or press ? or * to list all spells.
Unknown command.
The orc misses your hound.
Your hound bites the orc.
Your hound bites the orc.
The orc hits your hound with a +0 club.
Your hound bites the orc.
The orc completely misses your hound.
Your hound closely misses the orc.
Casting: Call Canine Familiar (safe; 1% risk of failure)
Confirm with . or Enter, or press ? or * to list all spells.
Aiming: Slow (safe; 1% risk of failure)
Press: ? - help, Shift-Dir - straight line, f - ice beast, p - orc
Aim: an ice beast (umbra, chance to affect: 64%)
The ice beast struggles to resist.
Casting: Slow (safe; 1% risk of failure)
Confirm with . or Enter, or press ? or * to list all spells.
Aiming: Slow (safe; 1% risk of failure)
Press: ? - help, Shift-Dir - straight line, f/p - ice beast
Aim: an ice beast (ally target, umbra, chance to affect: 64%)
The ice beast struggles to resist.
The ice beast hits you. The ice beast freezes you!
* * * LOW HITPOINT WARNING * * *
Unknown command.
Casting: Slow (safe; 1% risk of failure)
Confirm with . or Enter, or press ? or * to list all spells.
Aiming: Slow (safe; 1% risk of failure)
Press: ? - help, Shift-Dir - straight line, f/p - ice beast
Aim: an ice beast (ally target, umbra, chance to affect: 64%)
The ice beast seems to slow down.
* * * LOW HITPOINT WARNING * * *
The ice beast hits you.
* * * LOW HITPOINT WARNING * * *
The ice beast freezes you!
You die...

#.####.#..8⌠.>.##.....
#.# #.#...........###
#.# #.##.8⌠.#####.#
#.# #.##....# ..#.#
#.####.####..# .....
#.##...# #..# ..#.###
#.##.### #..##.##....
#.##.######.........#
#....@Yh.o..###.###.#
####.######## .# #.#
Y# #.# .# #.# .# #.#
## ######.######
#...........#
#.####.####.#


You could see an ice beast (slow, ally target), an orc and a friendly hound
(summoned).

Vanquished Creatures
  Maggie (D:7)
  A wyvern (D:8)
  2 water moccasins (D:7)
  An ice beast (D:5)
  2 sky beasts
  2 black bears
  An ogre (D:6)
  4 kobold brigands
  A bullfrog (D:7)
  2 necrophages (D:5)
  2 scorpions
  3 orc priests
  2 hounds
  3 iguanas
  3 orc wizards
  7 adders
  15 gnolls
  3 river rats (Sewer)
  A shadow imp (D:6)
  A white imp (D:7)
  2 dart slugs
  11 orcs
  5 endoplasms
  7 giant cockroaches
  2 goblins
  5 hobgoblins
  6 quokkas
  12 ball pythons
  5 bats
  A frilled lizard (D:1)
  11 kobolds
  8 rats
132 creatures vanquished.

Vanquished Creatures (collateral kills)
  A hound (D:7)
1 creature vanquished.

Vanquished Creatures (others)
  13 plants (Sewer)
13 creatures vanquished.

Grand Total: 146 creatures vanquished

Notes
Turn   | Place    | Note
-------+----------+-------------------------------------------
     0 | D:1      | Spectrina the Djinni Arcane Marksman began the quest for
                  | the Orb.
     0 | D:1      | Spectrina set off with the following spells memorised:
                  | Slow, Inner Flame, Portal Projectile, Cause Fear.
     0 | D:1      | Reached XP level 1. HP: 17/17 MP: 0/0
   184 | D:1      | Found a faded altar of an unknown god.
   190 | D:1      | Prayed at the altar of an unknown god.
   190 | D:1      | Became a worshipper of Dithmenos the Shadowed
   190 | D:1      | Reached * piety under Dithmenos
   326 | D:2      | Reached XP level 2. HP: 22/22 MP: 0/0
   401 | D:2      | Reached skill level 3 in Spellcasting
   479 | D:2      | Reached XP level 3. HP: 12/27 MP: 0/0
   479 | D:2      | Learned a level 1 spell: Sandblast
   797 | D:2      | Reached XP level 4. HP: 26/32 MP: 0/0
   871 | D:3      | Reached ** piety under Dithmenos
  1117 | D:3      | Found a glowing drain.
  1137 | Sewer    | Entered a sewer
  1178 | Sewer    | Noticed a kobold brigand
  1188 | Sewer    | Killed a kobold brigand
  1189 | Sewer    | Reached skill level 4 in Spellcasting
  1189 | Sewer    | Reached XP level 5. HP: 32/37 MP: 0/0
  1189 | Sewer    | Learned a level 2 spell: Blink
  1202 | Sewer    | Noticed a kobold brigand
  1218 | Sewer    | Killed a kobold brigand
  1219 | Sewer    | Reached XP level 6. HP: 35/42 MP: 0/0
  1256 | Sewer    | Reached skill level 5 in Spellcasting
  2006 | D:4      | Reached *** piety under Dithmenos
  2007 | D:4      | Reached XP level 7. HP: 39/47 MP: 0/0
  2007 | D:4      | Learned a level 2 spell: Passwall
  2080 | D:5      | Entered Level 5 of the Dungeon
  2126 | D:5      | Reached skill level 6 in Spellcasting
  2508 | D:5      | Reached XP level 8. HP: 38/52 MP: 0/0
  2577 | D:5      | Reached skill level 1 in Stealth
  2755 | D:5      | Reached skill level 7 in Spellcasting
  3092 | D:5      | Found a glowing silver altar of Zin.
  3092 | D:5      | Noticed an angel
  3093 | D:5      | Found a shimmering altar of Xom.
  3438 | D:7      | Found a broken altar of Ashenzari.
  3449 | D:7      | Reached XP level 9. HP: 18/57 MP: 0/0
  3449 | D:7      | Learned a level 3 spell: Call Canine Familiar
  3481 | D:7      | Reached skill level 8 in Spellcasting
  3498 | D:7      | Reached **** piety under Dithmenos
  3645 | D:6      | Found a staircase to the Ecumenical Temple.
  3716 | D:6      | You are sucked into a shaft and drop 2 floors!
  3864 | D:8      | Found a staircase to the Lair.
  3951 | D:7      | Noticed Maggie
  3964 | D:7      | Killed Maggie
  3965 | D:7      | Reached skill level 9 in Spellcasting
  3968 | D:7      | HP: 1/85 [cloud of flame (16)]
  4128 | D:6      | Slain by an ice beast

Illustrated notes

Levels and vault maps discovered:
D:1:      psy_arrival_fountain, layout_basic,
          dreamdust_ecumenical_altar_angels_and_demons
D:2:      layout_loops_corners
D:3:      wad_river_or_something, layout_loops_ring, gup_sewer_entry_pipe,
          chequers_arboretum
D:4:      layout_basic, minmay_misc_feat_enclosed
D:5:      layout_basic, grunt_temple_overflow_order_and_chaos_1
D:6:      layout_loops_ring, minmay_temple_entry_drinking_statues, st_stairs_12,
          minivault_23, kennysheep_cluttered_room, minmay_fractal_squares_5
D:7:      layout_rooms, mainiacjoe_overflow_catwalk, uniq_maggie
D:8:      layout_gridville, grunt_temple_overflow_open, david_lair_generic,
          uniq_gastronok

Skill      XL: |  1  2  3  4  5  6  7  8  9 |
---------------+----------------------------+-----
Spellcasting   | 3 4 5 6 7 9 |  9.0
Stealth        | 3 4 |  4.7
Fighting       | |  1.0
Ranged Weapons | |  1.5
Dodging        | |  2.1

Action                   |  1- 3 |  4- 6 |  7- 9 || total
-------------------------+-------+-------+-------++-------
Melee: Short sword       |     9 |     1 |     5 ||    15
       Dagger            |       |       |    20 ||    20
 Fire: Sling             |    91 |   108 |    74 ||   273
 Cast: Slow              |     9 |    15 |    36 ||    60
       Sandblast         |       |    35 |    42 ||    77
       Inner Flame       |       |     6 |    36 ||    42
       Cause Fear        |       |     3 |       ||     3
       Call Canine Famil |       |       |     9 ||     9
       Portal Projectile |       |       |     1 ||     1
  Use: Potion            |       |     1 |     3 ||     4
       Scroll            |       |       |     7 ||     7
Armor: Robe              |     7 |     2 |     3 ||    12
       Skin              |       |       |     2 ||     2
Dodge: Dodged            |    31 |    32 |    30 ||    93

Table legend: (Time is in decaauts)
 A = Elapsed time spent in this place.
 B = Non-inter-level travel time spent in this place.
 C = Inter-level travel time spent in this place.
 D = Time resting spent in this place.
 E = Time spent auto-exploring this place.
 F = Levels seen in this place.
 G = Mean time per level.
                   A        B        C        D        E       F      G
               +--------+--------+--------+--------+--------+-----+--------+
         Total |   4288 |   3752 |    536 |     10 |      0 |   9 |  476.4 |
       Dungeon |   3731 |   3195 |    536 |      0 |      0 |   8 |  466.4 |
         Sewer |    557 |    557 |      0 |     10 |      0 |   1 |  557.0 |
               +--------+--------+--------+--------+--------+-----+--------+

Top non-repeatable levels by time:
     D:5: 998 daAuts
     D:3: 683 daAuts
     D:2: 577 daAuts
   Sewer: 557 daAuts
     D:7: 414 daAuts
     D:6: 407 daAuts
     D:4: 295 daAuts
     D:1: 258 daAuts
     D:8: 96 daAuts
